AoeStats
← Platypus

Arabia

510447117Analyzed
1v1 RM · 2d ago on Oct 1, 2026· 56m 39s· 2 players
Game mode
Random Map
Map size
Tiny (2 player)
Population
200
Speed
Normal
Resources
Standard
Victory
Conquest
Starting age
Dark Age
Ending age
Imperial Age
RankedLock teamsTeams togetherTeam positionsShared explorationLock speedFull tech treeHidden civsTurbo modeCheats
Victory
Defeat
🇨🇳 Vietnamese · China
1573
+14
🇨🇳 Wei · China
1524
-14
Platypus
5:28 Loom
9:04 Feudal Age
9:39 Double-Bit Axe
15:59 Fletching
22:02 Castle Age
20:54 Padded Archer Armor
21:12 Horse Collar
22:39 Bodkin Arrow
22:07 Elite Skirmisher
23:43 Leather Archer Armor
26:44 Wheelbarrow
29:18 Bow Saw
30:06 Scale Barding Armor
30:26 Gold Mining
31:52 Ballistics
32:59 Chain Barding Armor
33:44 Bloodlines
36:17 Forging
40:17 Imperial Age
41:23 Bracer
42:33 Chemistry
49:59 Thumb Ring
50:27 Husbandry
51:18 Hand Cart
52:35 Light Cavalry
54:40 Hussar
肥鱼
6:02 Loom
6:38 Loom
9:16 Feudal Age
9:46 Double-Bit Axe
9:45 Horse Collar
12:26 Wheelbarrow
16:02 Fletching
17:07 Padded Archer Armor
21:54 Castle Age
20:32 Gold Mining
22:05 Bloodlines
22:03 Crossbowman
22:43 Bodkin Arrow
23:57 Bow Saw
23:48 Heavy Plow
30:10 Husbandry
30:46 Ballistics
31:03 Stone Mining
31:32 Leather Archer Armor
32:05 Stone Shaft Mining
32:36 Hand Cart
35:44 Imperial Age
34:12 Thumb Ring
35:10 Elite Skirmisher
36:55 Bracer
36:48 Heavy Cavalry Archer
40:32 Chemistry
44:17 Scale Barding Armor
44:14 Squires
44:31 Elite Fire Lancer
45:18 Arson
45:35 Scale Mail Armor
46:35 Chain Mail Armor
47:26 Forging
47:57 Plate Mail Armor
47:03 Light Cavalry
50:56 Iron Casting
51:06 Guilds
51:39 Chain Barding Armor
52:42 Imperial Skirmisher
54:55 Ring Archer Armor
55:00 Plate Barding Armor
58:08 Two-Man Saw
57:38 Crop Rotation
Connection lost

Rejoining the realm…

Still unreachable

The connection could not be restored.

Session expired

The server has moved on; the page needs a fresh start.